cohdb
Replays
Latest Replays
All Replays
Popular Replays
Top Player Replays
Match Explorer
How It Works
Community
CoH3 Stats
Reddit
Sign in to upload your games and track your stats! →
Sign in with Steam
Match 40183675
Unlisted
Match 40183675
Overview
Messages
Build Orders
End
Construct Section Command Post
Selects Canadian Shock Battlegroup
Infantry Section
Infantry Section
Infantry Section
Selects Incendiary Munitions
Infantry Section
Construct Platoon Command Post
CMP 15cwt Truck
Selects Pyrotechnics
CMP 15cwt Truck
Grenade Package
Light Vehicle Training
6-pounder Anti-tank Gun Team
Infantry Training
Particycles
alex7eva
Pilkas
Summer
Forbormer
Renounce
0
0
Comments
sign in to comment!
No comments posted yet!